 Dungeon Crawl Stone Soup version 0.26-a0-1132-ge9770dfcb6 (webtiles) character file.

Game seed: 8753730118399796217

17997 sahdkjhfkaj the Brawler (level 12, -2/113 HPs)
             Began as a White Draconian Monk on Dec 20, 2020.
             Was a High Priest of Ru.
             Slain by a yak (6 damage)
             ... on level 2 of the Lair of Beasts.
             The game lasted 00:18:40 (16323 turns).

sahdkjhfkaj the Brawler (White Draconian Monk)     Turns: 16323, Time: 00:18:41

Health: -2/113     AC:  9    Str: 18    XL:     12   Next: 23%
Magic:  12/12      EV: 19    Int: 11    God:    Ru [*****.]
Gold:   704        SH:  5    Dex: 14    Spells: 11/11 levels left

rFire    . . .     SeeInvis .     - Unarmed
rCold    + . .     Faith    .   u - +0 buckler
rNeg     . . .     Spirit   .   (armour unavailable)
rPois    .         Reflect  .   (helmet restricted)
rElec    .         Harm     .   p - +0 cloak
rCorr    .         Rampage  .   (no gloves)
Will     .....                  (no boots)
Stlth    ++........             (no amulet)
HPRegen  0.28/turn              f - +4 ring of evasion
MPRegen  0.13/turn              m - +4 ring of evasion

@: lethally poisoned (-2 -> -16)
A: breathe frost, unfitting armour, cold resistance 1, cold-blooded, hated by
all, inability to train dodging, no fire magic, no hexes magic, no necromancy
magic, AC +8
a: Breathe Frost, Renounce Religion, Draw Out Power, Power Leap, Apocalypse


You were on level 2 of the Lair of Beasts.
You worshipped Ru.
Ru was extremely pleased with you.
You visited 3 branches of the dungeon, and saw 14 of its levels.

You collected 704 gold pieces.

Inventory:

Hand Weapons
 a - a +2 dagger of venom
Armour
 p - a +0 cloak (worn)
 u - a +0 buckler (worn)
Jewellery
 f - a +4 ring of evasion (left hand)
 m - a +4 ring of evasion (right hand)
 r - an uncursed ring of see invisible {unknown}
 F - a cursed ring of attention {unknown}
Wands
 b - a wand of iceblast (6)
 t - a wand of flame (14)
 w - a wand of random effects (50)
Scrolls
 d - a scroll of blinking
 e - 4 scrolls of teleportation {!r}
 g - 5 scrolls of remove curse
 i - a scroll of identify
 j - 3 scrolls of enchant weapon
 k - 3 scrolls of immolation
 l - 3 scrolls of magic mapping
 n - 2 scrolls of enchant armour
 s - a scroll of fog {unknown}
 y - 3 scrolls of fear
Potions
 c - 3 potions of flight
 h - 4 potions of magic {unknown}
 o - a potion of haste
 q - a potion of mutation {unknown}
 v - 2 potions of brilliance
 x - 2 potions of degeneration {unknown}
 z - 2 potions of invisibility {unknown}
 A - 3 potions of curing
 B - a potion of resistance {unknown}
 C - 3 potions of might {unknown}
 E - 3 potions of lignification {unknown}
 G - a potion of heal wounds {unknown}


   Skills:
 + Level 12.4 Fighting
   Level 0.0 Dodging
 - Level 1.7 Stealth
 - Level 4.0 Shields
 * Level 15.3 Unarmed Combat


You had 11 spell levels left.
You didn't know any spells.
Your spell library contained the following spells:

 Spells                   Type           Power        Failure   Level
 Beastly Appendage        Tmut           0%           34%         1
 Sandblast                Erth           0%           34%         1
 Passwall                 Tmut/Erth      0%           47%         2
 Wereblood                Tmut           0%           47%         2
 Gell's Gravitas          Tloc           0%           71%         3
 Spider Form              Tmut/Pois      0%           71%         3
 Stone Arrow              Conj/Erth      0%           71%         3
 Ice Form                 Ice/Tmut       0%           98%         4
 Petrify                  Tmut/Erth      0%           98%         4
 Blade Hands              Tmut           0%           100%        5
 Lee's Rapid Deconstruct  Erth           0%           100%        5
 Confusing Touch          Hex            Unusable     N/A         3
 Metabolic Englaciation   Hex/Ice        Unusable     N/A         5
 Yara's Violent Unravell  Hex/Tmut       Unusable     N/A         5

Dungeon Overview and Level Annotations

Branches:
Dungeon (10/15)            Temple (1/1) D:6            Lair (3/6) D:8
  Swamp (0/4) Lair:3
  Snake: Lair:2-4    Spider: Lair:2-4       Orc: D:9-12

Altars:
Ashenzari
Cheibriados
Dithmenos
Elyvilon
Fedhas
Gozag
Hepliaklqana
Kikubaaqudgha
Makhleb
Nemelex Xobeh
Okawaru
Qazlal
Ru
Sif Muna
Trog
Uskayaw
Vehumet
Wu Jian
Xom
Yredelemnul
Zin
The Shining One

Annotations:
D:6 Grinder
D:9 Snorg
Lair:1 1 runed translucent door, Pooter's ghost, journeyman GnNe


Innate Abilities, Weirdness & Mutations

You can breathe waves of freezing cold.
You can buffet flying creatures when you breathe cold.
Your icy white scales are hard. (AC +8)
You cannot fit into any form of body armour.
Your flesh is cold resistant. (rC+)
You are cold-blooded and may be slowed by cold attacks.
You are hated by all.
You cannot train Dodging skill.
You cannot study or cast Fire magic.
You cannot study or cast Hexes magic.
You cannot study or cast Necromancy magic.


Message History

* * * LOW HITPOINT WARNING * * *
You feel very sick. The rime drake breathes ice at you.
The flash freeze misses you.
There is a stone staircase leading up here.
* * * LOW HITPOINT WARNING * * *
You feel very sick. The cane toad stings you!
* * * LOW HITPOINT WARNING * * *
You block the yak's attack.
You climb upwards.
* * * LOW HITPOINT WARNING * * *
You feel very sick.
There is a stone staircase leading down here.
Unknown command.
You feel better. The cane toad stings you!
* * * LOW HITPOINT WARNING * * *
You are lethally poisoned!
The cane toad poisons you! The yak gores you.
You die...

######
##...........###.## #
##...........##...# #
##............#....# #
#.................## #
##............#.....#
#
#.............#.....##
#
##............#..#...#
#
#........Y.........##
# ###.....F@........##
# ######...........##
##.####....#....#..#
##.....#..#.#......##
##....)....####......#
#.........## ##....##
#........#.# #....P#
#.........## #....##
#.........# #....#


You could see a yak and a cane toad.

Vanquished Creatures
  Erica (Lair:2)
  A two-headed ogre (D:9)
  A tengu warrior (D:9)
  A lindwurm (Lair:2)
  A necromancer (Lair:2)
  3 elephants
  A black mamba (Lair:2)
  4 cane toads
  2 rime drakes (Lair:2)
  Maggie (Lair:2)
  3 komodo dragons
  A tengu conjurer (D:9)
  A troll (D:7)
  7 blink frogs
  25 yaks
  11 water moccasins
  2 sky beasts
  A phantom (D:9)
  An ice beast (D:6)
  3 orc warriors
  2 black bears (D:8)
  4 ogres
  3 wolves (Lair:2)
  8 centaurs
  2 big kobolds
  17 bullfrogs
  A wyvern skeleton (D:9)
  2 scorpions
  9 wights
  4 killer bees (D:7)
  An electric eel (Lair:1)
  2 howler monkeys
  3 bullfrog zombies
  A quasit (D:9)
  2 bullfrog skeletons
  5 hounds
  5 orc priests
  4 iguanas
  6 orc wizards
  A polar bear simulacrum (Lair:2)
  3 worker ants
  A yak simulacrum (Lair:2)
  5 wolf simulacra (Lair:2)
  A hound zombie (D:5)
  A hound skeleton (D:9)
  A worker ant zombie (D:7)
  10 adders
  3 shadow imps
  4 white imps
  2 ufetubi
  2 adder skeletons
  3 adder zombies
  4 worms
  4 leopard geckos
  22 orcs
  3 ball pythons
  3 giant cockroaches
  11 goblins
  6 hobgoblins
  20 jackals
  11 kobolds
  4 quokkas
  8 bats
  7 frilled lizards
  A leopard gecko skeleton (D:7)
  5 rats
  4 river rat simulacra (Lair:2)
302 creatures vanquished.

Vanquished Creatures (others)
  A worm (D:2)
  44 fungi
  51 plants
96 creatures vanquished.

Grand Total: 398 creatures vanquished

Notes
Turn   | Place    | Note
-------+----------+-------------------------------------------
     0 | D:1      | sahdkjhfkaj the Draconian Monk began the quest for the Orb.
     0 | D:1      | Reached XP level 1. HP: 19/19 MP: 1/1
   233 | D:1      | Reached XP level 2. HP: 24/26 MP: 2/2
   977 | D:2      | Reached XP level 3. HP: 33/33 MP: 3/3
   988 | D:2      | Found a radiant altar of Vehumet.
  1089 | D:2      | Reached skill level 4 in Unarmed Combat
  1368 | D:2      | Reached XP level 4. HP: 31/40 MP: 4/4
  2214 | D:3      | Reached skill level 5 in Unarmed Combat
  2328 | D:3      | Reached XP level 5. HP: 47/47 MP: 5/5
  2739 | D:4      | Found a glowing silver altar of Zin.
  2944 | D:4      | Reached skill level 1 in Shields
  3015 | D:4      | Reached XP level 6. HP: 53/53 MP: 6/6
  3116 | D:4      | Found a blossoming altar of Fedhas.
  3211 | D:5      | Entered Level 5 of the Dungeon
  3402 | D:5      | Found a bloodstained altar of Trog.
  3521 | D:5      | You fall into a shaft and drop 3 floors!
  3536 | D:8      | Reached skill level 5 in Fighting
  3536 | D:8      | Your scales start taking on an icy white colour.
  3536 | D:8      | Reached XP level 7. HP: 61/61 MP: 7/7
  3536 | D:8      | Gained mutation: Your flesh is cold resistant. (rC+) [White
                  | Draconian growth]
  3561 | D:8      | Noticed a yak
  3572 | D:8      | Reached skill level 6 in Unarmed Combat
  3603 | D:8      | Reached skill level 7 in Unarmed Combat
  3613 | D:8      | Reached XP level 8. HP: 16/70 MP: 8/8
  3634 | D:8      | HP: 4/105 [bullfrog skeleton (6)]
  3642 | D:8      | HP: 2/71 [poisoned by a water moccasin]
  3650 | D:8      | HP: 2/71 [poisoned by a water moccasin]
  3997 | D:8      | Noticed a komodo dragon
  4055 | D:7      | Found a bloodstained altar of Trog.
  4055 | D:7      | Found a burning altar of Makhleb.
  4243 | D:6      | Reached skill level 8 in Unarmed Combat
  4305 | D:6      | Noticed Grinder
  4538 | D:6      | Paralysed by Grinder for 3 turns
  4861 | D:7      | Found a white marble altar of Elyvilon.
  4889 | D:7      | Reached skill level 9 in Unarmed Combat
  5485 | D:7      | Reached XP level 9. HP: 77/80 MP: 9/9
  5709 | D:6      | Paralysed by Grinder for 2 turns
  6007 | D:5      | Found a hazy altar of Hepliaklqana.
  6167 | D:5      | Reached skill level 10 in Unarmed Combat
  6453 | D:6      | Found an iron altar of Okawaru.
  6531 | D:6      | Found a staircase to the Ecumenical Temple.
  6742 | D:6      | Found a sparkling altar of Nemelex Xobeh.
  6762 | D:6      | Found an ancient bone altar of Kikubaaqudgha.
  6858 | D:6      | Found a shimmering altar of Xom.
  6886 | Temple   | Entered the Ecumenical Temple
  7066 | Temple   | Became a worshipper of Ru the Awakened
  7080 | Temple   | Gained mutation: You cannot study or cast Fire magic. [Ru
                  | sacrifice]
  7080 | Temple   | Gained mutation: You cannot study or cast Hexes magic. [Ru
                  | sacrifice]
  7080 | Temple   | Gained mutation: You cannot study or cast Necromancy magic.
                  | [Ru sacrifice]
  7080 | Temple   | Reached * piety under Ru
  7109 | D:6      | You fall into a shaft and drop 1 floor!
  7120 | D:7      | Noticed a troll
  7130 | D:7      | Killed a troll
  7276 | D:7      | Found a blossoming altar of Fedhas.
  7283 | D:7      | Reached skill level 11 in Unarmed Combat
  7745 | D:8      | Killed a komodo dragon
  7993 | D:8      | Reached XP level 10. HP: 78/91 MP: 10/10
  8019 | D:8      | Found a staircase to the Lair.
  8499 | D:8      | Found a shimmering blue altar of Sif Muna.
  8911 | D:9      | Reached skill level 12 in Unarmed Combat
  9166 | D:9      | Noticed a tengu warrior
  9185 | D:9      | Killed a tengu warrior
  9186 | D:9      | Reached skill level 10 in Fighting
  9704 | D:9      | Noticed a two-headed ogre
  9723 | D:9      | Killed a two-headed ogre
  9980 | D:9      | Gained mutation: You cannot train Dodging skill. [Ru
                  | sacrifice]
  9980 | D:9      | Reached ** piety under Ru
  9980 | D:9      | Reached *** piety under Ru
 10119 | D:10     | Entered Level 10 of the Dungeon
 10125 | D:10     | Noticed Snorg
 10689 | Lair:1   | Entered Level 1 of the Lair of Beasts
 11301 | Lair:1   | Reached XP level 11. HP: 97/101 MP: 11/11
 11303 | Lair:1   | Reached skill level 13 in Unarmed Combat
 12688 | Lair:1   | Found a runed translucent door.
 12690 | Lair:1   | Noticed Pooter's ghost (journeyman GnNe)
 12901 | Lair:2   | Noticed Maggie
 12914 | Lair:2   | Killed Maggie
 13084 | Lair:2   | Reached skill level 14 in Unarmed Combat
 14077 | Lair:2   | Noticed Erica
 14078 | Lair:2   | Gained mutation: You are hated by all. [Ru sacrifice]
 14078 | Lair:2   | Reached **** piety under Ru
 14078 | Lair:2   | Reached ***** piety under Ru
 14098 | Lair:2   | Killed Erica
 14672 | Lair:2   | Noticed a necromancer
 14678 | Lair:2   | Killed a necromancer
 14905 | Lair:3   | Noticed a lindwurm
 15278 | Lair:2   | Killed a lindwurm
 15279 | Lair:2   | Reached XP level 12. HP: 55/104 MP: 12/12
 15485 | Lair:3   | Reached skill level 15 in Unarmed Combat
 15797 | Lair:3   | Found a staircase to the Swamp.
 16323 | Lair:2   | HP: 4/113 [cane toad (14)]
 16323 | Lair:2   | Slain by a yak

Illustrated notes

Levels and vault maps discovered:
D:1:      nicolae_arrival_somewhat_less_tricky_arrival, layout_basic
D:2:      layout_loops_ring, fiery_altar_vehumet, kennysheep_pointless_box,
          chequers_serial_rivers_room_b
D:3:      layout_basic
D:4:      layout_rooms, kennysheep_mini_moat, zin_statuary
D:5:      layout_basic, old_standard_altar, minivault_1,
          trog_three_pillars_becter
D:6:      layout_rooms, okawaru_trees_1, minitemple,
          minmay_temple_entry_offerings, uniq_grinder
D:7:      minmay_the_grid_square_5x5_3x3
          [minmay_the_grid_square_5x5_broken_cross,
          minmay_the_grid_square_5x5_fancy_junction,
          minmay_the_grid_square_5x5_shrine1,
          minmay_the_grid_square_5x5_intrusive_squares,
          minmay_the_grid_square_5x5_megaprize_checkered,
          minmay_the_grid_square_5x5_eight,
          minmay_the_grid_square_5x5_almost_minimal,
          minmay_the_grid_square_5x5_sharp_hourglass,
          minmay_the_grid_square_5x5_tri_point], layout_loops_ring,
          gammafunk_temple_overflow_elements, kennysheep_flooded_box,
          minmay_misc_feat_square, chequers_serial_rivers_room_a,
          minmay_misc_feat_x
D:8:      layout_rooms, due_lair_maze_entry_diamond, basic_altar
D:9:      layout_loops_ring
D:10:     dragon1_lemuel, layout_basic, gammafunk_ghost_arena, uniq_snorg
Temple:   minmay_temple_bridge_abc
Lair:1:   layout_regular_city, ebering_ghost_reflecting_pool,
          serial_bayou_pond_c, nicolae_quartered_pool_super
Lair:2:   layout_cave_pods, eino_house_with_fridge, grunt_megastairs_2,
          uniq_erica, uniq_maggie
Lair:3:   layout_cave_pods, minmay_swamp_entry_worms

Skill      XL: |  1  2  3  4  5  6  7  8  9 10 11 12 |
---------------+-------------------------------------+-----
Unarmed Combat | 4 5 7 9 11 12 14 15 | 15.3
Fighting       | 4 5 6 7 9 10 12 | 12.4
Shields        | 2 4 |  4.0
Dodging        | 0 |  0.0
Stealth        | |  1.7

Action                   |  1- 3 |  4- 6 |  7- 9 | 10-12 || total
-------------------------+-------+-------+-------+-------++-------
Melee: Unarmed           |   119 |    12 |    80 |   498 ||   709
       Tailslap          |    21 |    27 |    77 |    99 ||   224
       Dagger            |       |   195 |   360 |    43 ||   598
       Punch             |       |     1 |       |       ||     1
Invok: Sacrifice Arcana  |       |       |     1 |       ||     1
       Sacrifice Nimblen |       |       |       |     1 ||     1
       Apocalypse        |       |       |       |     1 ||     1
       Sacrifice Love    |       |       |       |     1 ||     1
 Abil: Breathe Frost     |       |       |    18 |    51 ||    69
Evoke: Wand              |       |       |       |     1 ||     1
  Use: Potion            |       |       |     4 |     1 ||     5
       Scroll            |       |       |       |    13 ||    13
 Stab: Sleeping          |     3 |     7 |       |     1 ||    11
       Distracted        |       |       |     1 |       ||     1
       Paralysed         |       |       |       |     2 ||     2
       Invisible         |       |       |       |     2 ||     2
Armor: Skin              |    35 |    45 |    71 |    65 ||   216
Dodge: Dodged            |    70 |   149 |   480 |   472 ||  1171
Block: Buckler           |       |    30 |   110 |   137 ||   277

Table legend: (Time is in decaauts)
 A = Elapsed time spent in this place.
 B = Non-inter-level travel time spent in this place.
 C = Inter-level travel time spent in this place.
 D = Time resting spent in this place.
 E = Time spent auto-exploring this place.
 F = Levels seen in this place.
 G = Mean time per level.
                   A        B        C        D        E       F      G
               +--------+--------+--------+--------+--------+-----+--------+
         Total |  16226 |  15643 |    583 |   3546 |   9565 |  14 | 1159.0 |
       Dungeon |  11038 |  10584 |    454 |   2186 |   6511 |  10 | 1103.8 |
        Temple |    202 |    175 |     27 |      0 |    171 |   1 |  202.0 |
          Lair |   4984 |   4882 |    102 |   1360 |   2883 |   3 | 1661.3 |
               +--------+--------+--------+--------+--------+-----+--------+

Top non-repeatable levels by time:
  Lair:2: 2638 daAuts
     D:7: 2583 daAuts
     D:8: 1957 daAuts
  Lair:1: 1898 daAuts
     D:9: 1668 daAuts
     D:5: 934 daAuts
     D:2: 933 daAuts
     D:1: 929 daAuts
     D:3: 856 daAuts
     D:6: 677 daAuts
     D:4: 485 daAuts
  Lair:3: 448 daAuts
  Temple: 202 daAuts
    D:10: 12 daAuts
